 Dungeon Crawl Stone Soup version 0.24-a0-464-g6b2be6b8c7 (webtiles) character file.

Game seed: 11150459784613760189

769072 Inarius the Cutthroat (level 27, -17/291 HPs)
             Began as a Demonspawn Hunter on June 30, 2019.
             Was the Champion of Okawaru.
             Demolished by a flayed ghost (22 damage)
             ... summoned by a gelid corrupter
             ... while paralysed by a sphinx
             ... on level 12 of a ziggurat on July 3, 2019.
             The game lasted 04:18:20 (79122 turns).

Inarius the Cutthroat (Demonspawn Hunter)          Turns: 79122, Time: 04:18:21

Health: -17/291    AC: 19    Str: 18    XL:     27
Magic:  0/35       EV:  2    Int:  9    God:    Okawaru [******]
Gold:   2681       SH:  0    Dex: 26    Spells: 26/26 levels left

rFire    + + .     SeeInvis +   a - +9 quick blade (freeze)
rCold    + + +     Gourm    .   j - +10 large shield of Ignorance {rN+ Int-4}
rNeg     + + +     Faith    .   c - +4 moon troll leather armour {Spirit, Regen++ MP+5}
rPois    .         Spirit   +   V - +0 hat of Pride {rElec Dex+4}
rElec    +         Reflect  +   h - +3 cloak of Woosywau {rElec Dex+2 SInv}
rCorr    +         Harm     .   y - +1 pair of gloves of the Ward {rC++ rCorr Dex-3 SInv}
MR       +++..     Rnd*Rage +   (boots unavailable)
Stlth    ++++++++++             w - brooch of Shielding {Reflect SH+8}
HPRegen  1.38/turn              C - ring "Bah Ken" {Fire rElec rN+ MR+}
MPRegen  0.24/turn              Y - ring of the Thistle {rF+ rN+ Str+4}

@: paralysed, lethally poisoned (-17 -> -18), weakened
A: hooves 3, icy blue scales 3, [berserk 2], clumsy 1, cold resistance 1,
[deformed body], low mp 1, nightstalker 3, sense surroundings 1, powered by
death 3, robust 3, subdued magic 1
}: 5/15 runes: decaying, serpentine, slimy, silver, abyssal
a: Heroism, Finesse, Renounce Religion


You were on level 12 of a ziggurat.
You worshipped Okawaru.
Okawaru was exalted by your worship.
You were not hungry.

You visited 13 branches of the dungeon, and saw 59 of its levels.
You visited the Abyss 5 times.
You visited 1 ziggurat, and saw 12 of its levels.
You also visited: Gauntlet.

You collected 7947 gold pieces.
You spent 5266 gold pieces at shops.

Inventory:

Hand Weapons
 a - a +9 quick blade of freezing (weapon)
 b - a +9 quick blade of piercing
 l - a +9 quick blade of draining
Missiles
 e - 4 throwing nets
 x - 84 silver javelins (quivered)
Armour
 c - the +4 moon troll leather armour (worn) {Spirit, Regen++ MP+5}
   (You bought it in a shop on level 2 of the Orcish Mines)

   It affects your magic capacity (+5).
   It increases your rate of regeneration.
 h - the +3 cloak of Woosywau (worn) {rElec Dex+2 SInv}
   (You found it on level 5 of the Pits of Slime)

   It affects your dexterity (+2).
   It insulates you from electricity.
   It lets you see invisible.
 j - the +10 large shield of Ignorance (worn) {rN+ Int-4}
   (You found it on level 1 of the Vaults)

   It affects your intelligence (-4).
   It protects you from negative energy.
 y - the +1 pair of gloves of the Ward (worn) {rC++ rCorr Dex-3 SInv}
   (Okawaru gifted it to you on level 3 of the Lair of Beasts)

   It affects your dexterity (-3).
   It greatly protects you from cold.
   It lets you see invisible.
   It provides partial protection from all sources of acid and corrosion.
 K - the +3 scale mail "Gistemp" {rElec rPois rN+ Regen+}
   (Okawaru gifted it to you on level 1 of the Swamp)

   It insulates you from electricity.
   It protects you from poison.
   It protects you from negative energy.
   It increases your rate of regeneration.
 V - the +0 hat of Pride (worn) {rElec Dex+4}
   (You found it on level 2 of the Crypt)

   It affects your dexterity (+4).
   It insulates you from electricity.
Jewellery
 w - the brooch of Shielding (around neck) {Reflect SH+8}
   (You took it off a deep elf sorcerer on level 3 of the Elven Halls)

   [amulet of reflection]

   It shields you and reflects attacks.
   It affects your SH (+8).
 A - the ring "Katoec" {rF+ Str+5 Dex+6 Stlth+}
   (You found it on level 4 of a ziggurat)

   [ring of protection from fire]

   It affects your strength (+5).
   It affects your dexterity (+6).
   It protects you from fire.
   It makes you more stealthy.
 B - the ring of Qydeeq {*Drain +Blink rElec Dex+2 Slay+6}
   (You found it on level 7 of a ziggurat)

   [ring of slaying]

   It affects your dexterity (+2).
   It affects your accuracy and damage with ranged weapons and melee attacks
   (+6).
   It insulates you from electricity.
   It lets you blink.
   It causes draining when unequipped.
 C - the ring "Bah Ken" (left hand) {Fire rElec rN+ MR+}
   (You found it on level 2 of the Depths)

   [ring of fire]

   It enhances your fire magic.
   It protects you from fire.
   It makes you vulnerable to cold.
   It insulates you from electricity.
   It protects you from negative energy.
   It affects your resistance to hostile enchantments.
 L - the ring of Sud Neal {Wiz *Corrode rC+ MR++ Stlth+}
   (You took it off an orc warrior on level 10 of the Dungeon)

   [ring of wizardry]

   It improves your spell success rate.
   It protects you from cold.
   It affects your resistance to hostile enchantments.
   It may corrode you when you take damage.
   It makes you more stealthy.
 W - the amulet of Activism {Harm *Drain rF++ rN+ MP+9 Int+2}
   (You found it on level 8 of a ziggurat)

   [amulet of harm]

   It increases damage dealt and taken.
   It affects your intelligence (+2).
   It greatly protects you from fire.
   It protects you from negative energy.
   It affects your magic capacity (+9).
   It causes draining when unequipped.
 Y - the ring of the Thistle (right hand) {rF+ rN+ Str+4}
   (You bought it in a shop on level 2 of the Orcish Mines)

   [ring of positive energy]

   It affects your strength (+4).
   It protects you from fire.
   It protects you from negative energy.
Wands
 D - a wand of digging (12)
 J - a wand of clouds (5)
 R - a wand of enslavement (3)
 Z - a wand of iceblast (28)
Scrolls
 g - 26 scrolls of remove curse
 m - 24 scrolls of teleportation
 p - 3 scrolls of summoning
 q - 3 scrolls of silence
 r - 2 scrolls of magic mapping
 u - 9 scrolls of fog
 G - 4 scrolls of blinking
 P - 15 scrolls of enchant armour
 Q - 3 scrolls of fear
 S - 14 scrolls of identify
 X - 3 scrolls of holy word
Potions
 i - 7 potions of ambrosia
 k - 4 potions of magic
 n - 7 potions of haste
 o - 2 potions of invisibility
 t - 7 potions of might
 E - 7 potions of heal wounds
 H - a potion of cancellation
 I - 4 potions of resistance
 M - 9 potions of mutation
 N - 13 potions of curing
 O - 7 potions of agility
 U - 7 potions of berserk rage
Miscellaneous
 d - 5 phantom mirrors
 v - 3 sacks of spiders
 z - a lightning rod (4/4)
 F - a lamp of fire (inert)
 T - 3 boxes of beasts
Comestibles
 f - 80 rations
 s - 13 chunks of flesh


   Skills:
 + Level 20.2 Fighting
 * Level 23.5 Short Blades
 + Level 9.9 Throwing
 + Level 14.5 Armour
 + Level 19.4 Dodging
 + Level 22.1 Stealth
 - Level 19.3 Shields
 + Level 1.1 Unarmed Combat
 + Level 14.1 Invocations
 + Level 12.4 Evocations


You had 26 spell levels left.
You didn't know any spells.
Your spell library contained the following spells:

 Spells                   Type           Power        Failure   Level  Hunger
 Animate Skeleton         Necr           N/A          63%         1    ##.....
 Apportation              Tloc           #.....       63%         1    ##.....
 Beastly Appendage        Tmut           #.....       63%         1    ##.....
 Confusing Touch          Hex            #.....       63%         1    ##.....
 Corona                   Hex            #......      63%         1    ##.....
 Freeze                   Ice            #...         63%         1    ##.....
 Infusion                 Chrm           #...         63%         1    ##.....
 Magic Dart               Conj           #...         63%         1    ##.....
 Pain                     Necr           #...         63%         1    ##.....
 Sandblast                Erth           #.....       63%         1    ##.....
 Shock                    Conj/Air       #...         63%         1    ##.....
 Summon Butterflies       Summ           #.......     63%         1    ##.....
 Summon Small Mammal      Summ           #...         63%         1    ##.....
 Blink                    Tloc           N/A          78%         2    ###....
 Call Imp                 Summ           #.......     78%         2    ###....
 Corpse Rot               Necr           N/A          78%         2    ###....
 Ensorcelled Hibernation  Hex/Ice        #.....       78%         2    ###....
 Passwall                 Tmut/Erth      #.......     78%         2    ###....
 Poisonous Vapours        Pois/Air       #.....       78%         2    ###....
 Searing Ray              Conj           #.....       78%         2    ###....
 Shroud of Golubria       Chrm/Tloc      #.....       78%         2    ###....
 Slow                     Hex            #.......     78%         2    ###....
 Song of Slaying          Chrm           #.......     78%         2    ###....
 Sticks to Snakes         Tmut           #.......     78%         2    ###....
 Sublimation of Blood     Necr           #.........   78%         2    ###....
 Swiftness                Chrm/Air       #.......     78%         2    ###....
 Throw Frost              Conj/Ice       #.....       78%         2    ###....
 Confuse                  Hex            #.......     95%         3    ####...
 Conjure Flame            Conj/Fire      #.......     95%         3    ####...
 Dazzling Spray           Conj/Hex       #.....       95%         3    ####...
 Gell's Gravitas          Tloc           #.........   95%         3    ####...
 Mephitic Cloud           Conj/Pois/Air  #.......     95%         3    ####...
 Ozocubu's Armour         Chrm/Ice       #.......     95%         3    ####...
 Recall                   Summ/Tloc      N/A          95%         3    ####...
 Regeneration             Chrm/Necr      #.........   95%         3    ####...
 Spectral Weapon          Hex/Chrm       #.......     95%         3    ####...
 Spider Form              Tmut/Pois      #.........   95%         3    ####...
 Static Discharge         Conj/Air       #.......     95%         3    ####...
 Stone Arrow              Conj/Erth      #.....       95%         3    ####...
 Tukima's Dance           Hex            #.......     95%         3    ####...
 Vampiric Draining        Necr           #.........   95%         3    ####...
 Airstrike                Air            #.........   100%        4    #####..
 Animate Dead             Necr           N/A          100%        4    #####..
 Force Lance              Conj/Tloc      #.......     100%        4    #####..
 Fulminant Prism          Conj/Hex       #.........   100%        4    #####..
 Ice Form                 Ice/Tmut       #.......     100%        4    #####..
 Iskenderun's Mystic Bla  Conj           #.......     100%        4    #####..
 Leda's Liquefaction      Hex/Erth       #.........   100%        4    #####..
 Passage of Golubria      Tloc           N/A          100%        4    #####..
 Petrify                  Tmut/Erth      #.......     100%        4    #####..
 Sticky Flame             Conj/Fire      #.......     100%        4    #####..
 Summon Ice Beast         Ice/Summ       #.......     100%        4    #####..
 Summon Lightning Spire   Summ/Air       #.......     100%        4    #####..
 Throw Icicle             Conj/Ice       #.......     100%        4    #####..
 Aura of Abjuration       Summ           #.........   100%        5    ######.
 Blade Hands              Tmut           #.........   100%        5    ######.
 Bolt of Draining         Conj/Necr      #.........   100%        5    ######.
 Bolt of Magma            Conj/Fire/Erth #.........   100%        5    ######.
 Borgnjor's Vile Clutch   Necr/Erth      #.........   100%        5    ######.
 Dispel Undead            Necr           #.......     100%        5    ######.
 Iskenderun's Battlesphe  Conj/Chrm      #.......     100%        5    ######.
 Lee's Rapid Deconstruct  Erth           #.........   100%        5    ######.
 Lightning Bolt           Conj/Air       #.........   100%        5    ######.
 Metabolic Englaciation   Hex/Ice        #.........   100%        5    ######.
 Silence                  Hex/Air        #.........   100%        5    ######.
 Summon Demon             Summ           #.........   100%        5    ######.
 Summon Forest            Summ/Tloc      #.........   100%        5    ######.
 Summon Mana Viper        Hex/Summ       #.......     100%        5    ######.
 Venom Bolt               Conj/Pois      #.........   100%        5    ######.
 Yara's Violent Unravell  Hex/Tmut       #.........   100%        5    ######.
 Conjure Ball Lightning   Conj/Air       #.........   100%        6    #######
 Darkness                 Hex            #.........   100%        6    #######
 Death Channel            Necr           #.........   100%        6    #######
 Deflect Missiles         Chrm/Air       #.........   100%        6    #######
 Dispersal                Tloc           #.........   100%        6    #######
 Freezing Cloud           Conj/Ice/Air   #.........   100%        6    #######
 Hydra Form               Tmut           #.........   100%        6    #######
 Invisibility             Hex            #.......     100%        6    #######
 Iron Shot                Conj/Erth      #.........   100%        6    #######
 Shadow Creatures         Summ           N/A          100%        6    #######
 Simulacrum               Ice/Necr       #.........   100%        6    #######
 Statue Form              Tmut/Erth      #........    100%        6    #######
 Malign Gateway           Summ/Tloc      #.........   100%        7    #######
 Orb of Destruction       Conj           #.........   100%        7    #######
 Ring of Flames           Chrm/Fire      #.........   100%        7    #######
 Spellforged Servitor     Conj/Summ      #.........   100%        7    #######
 Summon Hydra             Summ           #.........   100%        7    #######
 Disjunction              Tloc           #.........   100%        8    #######
 Infestation              Necr           #.........   100%        8    #######
 Tornado                  Air            #.........   100%        9    #######


Dungeon Overview and Level Annotations

Branches:
Dungeon (15/15)            Temple (1/1) D:6            Lair (6/6) D:9
  Swamp (4/4) Lair:2        Snake (4/4) Lair:3        Slime (5/5) Lair:6
    Orc (2/2) D:10            Elf (3/3) Orc:2        Vaults (5/5) D:14
  Crypt (3/3) Vaults:3       Tomb (0/3) Crypt:3      Depths (5/5) D:15
   Hell (1/1)                 Dis (0/7) Hell            Geh (0/7) Hell
    Coc (0/7) Hell            Tar (0/7) Hell            Zot (5/5) Depths:5

Altars:
Ashenzari
Dithmenos
Fedhas
Gozag
Hepliaklqana
Makhleb
Nemelex Xobeh
Okawaru
Qazlal
Sif Muna
Trog
Uskayaw
Vehumet
Wu Jian
Xom
Yredelemnul
Zin
The Shining One
Beogh
Jiyva

Shops:
D:4 (   Orc:1 %:=(!   Orc:2 %[(=}   Elf:1 [   Snake:1 *   Snake:3 *
Vaults:2 ?   Vaults:3 }   Vaults:4 *   Vaults:5 (   Depths:1 (   Depths:3 ==}
Depths:5 *

Portals:
Hell: Depths:1 Depths:2 Depths:3 Depths:4 Depths:5
Abyss: Depths:3 Depths:4 Depths:5
Pandemonium: Depths:2 Depths:3
Trove: D:15 (give 2 scrolls of acquirement)

Annotations:
D:6 Harold
D:8 2 transporters


Innate Abilities, Weirdness & Mutations

You have hooves in place of feet.
You are completely covered in icy blue scales. (AC +4, rC+)
You are completely attuned to the shadows.
You regenerate a lot of health from kills.
You are extremely robust. (+30% HP)
You are clumsy. (Dex -2)
Your flesh is cold resistant. (rC+)
Your magical capacity is low. (-10% MP)
You passively map a small area around you.
Your spells are a little easier to cast, but a little less powerful.
[You often lose your temper in combat.]
[Armour fits poorly on your strangely shaped body.]


Message History

The Executioner is engulfed in blazing flames.
The infernal warmonger hits you with a +4 demon whip of venom.
* * * LOW HITPOINT WARNING * * *
You are engulfed in flames.
You resist.
* * * LOW HITPOINT WARNING * * *
You are poisoned.
You feel as though you will be weak longer.
The Brimstone Fiend calls on the powers of darkness!
The sphinx convulses!
Your body is wracked with pain!
* * * LOW HITPOINT WARNING * * *
The sphinx convulses!
The sphinx hits you but does no damage. x2
The sphinx hits you.
* * * LOW HITPOINT WARNING * * *
The gelid corrupter is engulfed in blazing flames.
The gelid corrupter hits you with a +1 dire flail of protection.
* * * LOW HITPOINT WARNING * * *
You resist.
The sphinx is engulfed in blazing flames.
The flayed ghost hits you!!
You die...

, ..... , , ,
,..... *, ..... , ,
.....∩ ▓422D..
,....... ▓D16243.
........ ▓66622§.
,.........
▓66&zH.............
*▓@662.............
▓WH22.............
▓▓M1.............▓
▓▓.............▓▓
▓▓▓.........▓▓▓
▓▓▓▓▓.▓▓▓▓▓ ▓▓▓


You could see Daphaegh, a Brimstone Fiend, a cacodemon, 3 demonspawn, 2
sphinxes, a hell beast, 3 green deaths, an ancient champion, 2 demonspawn, a
monstrous black sun, 2 swamp dragons, an Executioner, a blizzard demon, a mummy
priest, 2 demonspawn, a flayed ghost, a shadow demon, an orange demon, a rust
devil, a tormentor and a neqoxec.

Vanquished Creatures
  the Royal Jelly (Slime:5)
  Dissolution (Slime:5)
  An orb of fire (Zot:2)
  Mennas (Vaults:5)
  5 ancient liches
  2 juggernauts
  Bai Suzhen (Swamp:3)
  Boris (twice) (Depths:5 Crypt:2)
  2 caustic shrikes (Depths:3)
  Saint Roka (Snake:2)
  Vashnia (Snake:3)
  2 Killer Klowns
  Geryon (Hell)
  3 curse toes
  10 golden dragons
  Nikola (Swamp:4)
  Jory (Crypt:1)
  2 bone dragons
  The ghost of Ijustatesigmund the Warrior, an adept OgFi of Cheibriados (Elf:3)
  3 electric golems
  The ghost of Tovvajec the Executioner, an adept HOBe of Trog (Vaults:1)
  Rupert (D:13)
  The ghost of zikan the Executioner, an adept MiBe of Trog (Elf:3)
  The ghost of namelastname112 the Warrior, an adept DrEn of Dithmenos (Elf:3)
  17 tentacled monstrosities
  3 Orb Guardians (Zot:5)
  7 liches
  4 titans (Vaults:5)
  A deep elf master archer (Elf:3)
  2 deep elf blademasters
  The ghost of p0werm0de the Black Belt, an adept DgSu (Elf:3)
  6 quicksilver dragons
  23 acid blobs
  Asterion (Elf:3)
  7 death cobs
  5 sphinxes
  9 tentacled starspawn
  6 tengu reavers
  Frances (Swamp:2)
  22 storm dragons
  9 ancient champions
  Agnes (D:14)
  15 shadow dragons
  6 thorn hunters
  4 revenants
  Roxanne (Swamp:3)
  15 azure jellies
  3 draconian monks
  11 frost giants
  18 nagarajas
  4 ghost moths
  10 fire giants
  8 draconian scorchers
  10 vault wardens
  2 balrugs
  9 deep elf sorcerers (Elf:3)
  4 iron dragons
  Aizul (Snake:3)
  6 curse skulls
  2 draconian stormcallers
  2 cacodemons
  12 draconian knights
  Louise (D:15)
  A juggernaut zombie (Crypt:3)
  An angel (Depths:2)
  2 spriggan defenders (Depths:3)
  8 draconian shifters
  4 deep elf elementalists
  8 ghouls
  2 war gargoyles (Vaults:5)
  13 ironheart preservers
  5 draconian annihilators
  9 reapers
  3 entropy weavers (Vaults:4)
  34 very ugly things
  17 stone giants
  6 vampire knights
  9 green draconians
  14 black draconians
  8 deep elf annihilators
  4 deep elf demonologists
  3 minotaurs
  A black sun (Zig:12)
  2 lorocyprocas
  2 starcursed masses
  9 spark wasps
  14 yellow draconians
  A spark wasp (shapeshifter) (Vaults:5)
  5 white draconians
  5 red draconians
  6 dire elephants (Lair:6)
  6 eidola
  Snorg (D:14)
  13 purple draconians
  6 ettins
  9 death oozes (Slime:5)
  A merfolk impaler (Vaults:1)
  3 blizzard demons
  15 jiangshi
  13 yaktaur captains
  A kraken zombie (Hell)
  6 deep elf death magi
  Josephine (D:14)
  12 ice dragons
  7 deep elf high priests
  15 great orbs of eyes
  26 fire dragons
  24 naga warriors
  3 hell beasts (Depths:5)
  2 quicksilver dragon skeletons
  35 vault guards
  12 rakshasas
  7 shambling mangroves
  4 spriggan air magi
  A catoblepas (shapeshifter) (Zig:5)
  15 centaur warriors
  29 hydras
  3 anacondas
  15 alligators
  A catoblepas (Depths:5)
  16 ogre magi
  A death yak (shapeshifter) (Vaults:5)
  62 two-headed ogres
  6 tengu warriors
  31 dancing weapons
  A death knight (Vaults:5)
  13 deep troll shamans
  12 vampire magi
  A satyr (Abyss:3)
  8 spriggan berserkers
  5 hell hogs
  8 death yaks
  5 thrashing horrors
  12 deep troll earth magi
  A titan zombie (D:15)
  26 naga sharpshooters
  6 shock serpents
  9 spriggans
  5 soul eaters
  19 deep elf knights
  7 sun demons
  3 wretched stars
  A fire crab (shapeshifter) (Vaults:2)
  A salamander mystic (Snake:2)
  28 hell knights
  A fire crab (Swamp:4)
  2 sixfirhies
  18 skeletal warriors
  4 iron trolls (Depths:5)
  4 shadow wraiths
  7 flayed ghosts
  A ghost moth zombie (Abyss:1)
  A sea snake (shapeshifter) (Depths:2)
  A deep troll (shapeshifter) (Vaults:1)
  An entropy weaver zombie (Crypt:3)
  An anaconda zombie (Hell)
  A death drake (shapeshifter) (Depths:4)
  An infernal demonspawn (Depths:2)
  4 swamp dragons
  2 tengu zombies (Vaults:2)
  6 deep elf archers
  A glowing orange brain (shapeshifter) (Vaults:1)
  3 glowing orange brains
  8 ironbrand convokers
  A torturous demonspawn (Depths:2)
  40 deep trolls
  11 naga ritualists
  An unseen horror (D:14)
  Pikel (D:9)
  3 obsidian statues
  An orange crystal statue (Zig:4)
  5 lindwurms
  9 wizards
  12 orc knights
  A shadow dragon zombie (Hell)
  An iron giant skeleton (Crypt:1)
  15 phantasmal warriors
  2 harpies
  50 deep elf magi
  12 necromancers
  A cyclops (shapeshifter) (Depths:2)
  49 ugly things
  A mana viper (shapeshifter) (Vaults:4)
  A wolf spider zombie (D:12)
  5 cyclopes
  12 salamanders
  3 stone giant zombies
  4 orc sorcerers
  A shadow dragon skeleton (D:15)
  5 shining eyes
  7 mana vipers
  5 oklob plants
  A worldbinder (Abyss:3)
  2 shining eyes (shapeshifter)
  A faun (Snake:2)
  16 moths of wrath
  A rust devil (Depths:2)
  7 wolf spiders
  11 manticores
  12 vault sentinels
  A centaur zombie (D:14)
  10 elephants
  7 guardian serpents
  17 naga magi
  Joseph (Lair:1)
  An eye of devastation (Gauntlet)
  An ice statue (Zig:4)
  4 apocalypse crabs
  22 spiny frogs
  4 gargoyles
  A yaktaur zombie (D:15)
  37 black mambas
  6 smoke demons
  2 spiny frogs (shapeshifter)
  3 hellions
  2 rime drakes (shapeshifter) (Vaults:4)
  A minotaur zombie (Crypt:3)
  An efreet (D:15)
  32 yaktaurs
  2 rime drakes (Lair:6)
  A human zombie (Vaults:2)
  11 komodo dragons
  A demonic crawler (Abyss:1)
  A hellwing (Abyss:1)
  An anaconda simulacrum (Hell)
  A red draconian zombie (Crypt:3)
  3 ice devils
  2 swamp worm zombies
  A spriggan skeleton (D:15)
  8 freezing wraiths
  A minotaur skeleton (Crypt:1)
  2 tormentors (Depths:5)
  A polar bear (shapeshifter) (Vaults:4)
  10 red devils
  8 trolls
  3 ancient zymes
  2 queen bees (shapeshifter)
  3 tengu conjurers
  A merfolk (shapeshifter) (Depths:5)
  2 jumping spiders
  5 polar bears
  3 meliai (D:13)
  4 tyrant leeches
  27 hornets
  A wind drake (shapeshifter) (Abyss:1)
  Grinder (D:4)
  2 ettin zombies
  2 raiju (Abyss:1)
  9 hippogriffs
  10 dream sheep (Lair:5)
  A harpy skeleton (D:15)
  A hydra skeleton (Hell)
  78 slime creatures
  20 blink frogs
  16 bog bodies
  A hippogriff (shapeshifter) (Vaults:4)
  2 ettin skeletons
  2 flying skulls (Crypt:3)
  An alligator skeleton (Hell)
  A tarantella (Zig:2)
  A shock serpent simulacrum (Hell)
  A black mamba zombie (Crypt:1)
  2 redbacks (Vaults:4)
  5 shadows
  15 water elementals
  6 wyverns
  4 ynoxinuls
  A spriggan (shapeshifter) (Depths:4)
  8 small abominations
  A tarantella (shapeshifter) (Depths:4)
  Sigmund (D:4)
  12 wraiths
  5 fire bats
  2 vampires (Abyss:1)
  2 air elementals
  A tyrant leech zombie (Crypt:1)
  11 fire elementals
  4 hogs
  41 yaks
  17 golden eyes
  A neqoxec (Abyss:3)
  10 humans
  7 basilisks
  2 hungry ghosts
  A wind drake skeleton (Crypt:2)
  3 steam dragons (Swamp:4)
  A deep troll zombie (Vaults:2)
  28 vampire mosquitoes
  A soldier ant (D:11)
  6 insubstantial wisps
  4 wargs
  3 acid dragons
  20 swamp worms
  A swamp worm (shapeshifter) (Vaults:4)
  A yaktaur simulacrum (Vaults:2)
  74 nagas
  A two-headed ogre zombie (Crypt:2)
  10 large abominations
  2 spiny frog zombies (Hell)
  3 floating eyes
  10 porcupines
  Duvessa (D:7)
  15 water moccasins
  12 hell hounds
  A snapping turtle zombie (Hell)
  A two-headed ogre skeleton (Crypt:1)
  A torturous demonspawn skeleton (Crypt:3)
  3 eyes of draining
  3 slaves (D:9)
  17 swamp drakes
  13 ice beasts
  2 spiny frog skeletons
  34 orc warriors
  2 phantoms
  5 sky beasts
  2 black bears
  An alligator simulacrum (Hell)
  11 wolves
  15 boggarts
  An ice beast (shapeshifter) (Vaults:5)
  26 centaurs
  2 human skeletons
  2 necrophages
  A centaur (shapeshifter) (Vaults:1)
  A snapping turtle skeleton (Crypt:1)
  51 ogres
  A dream sheep skeleton (Crypt:3)
  A torpor snail zombie (Crypt:3)
  13 crocodiles
  A rime drake zombie (Crypt:2)
  3 big kobolds
  14 bullfrogs
  A gnoll sergeant (D:6)
  4 earth elementals
  A wyvern skeleton (D:11)
  4 scorpions
  Dowan (D:7)
  18 killer bees
  3 howler monkeys
  7 wights
  5 electric eels
  A lava snake (Swamp:4)
  13 crimson imps
  3 bullfrog zombies
  4 quasits
  2 iron imps
  27 orc wizards
  21 orc priests
  4 hounds
  3 jellies
  4 bullfrog skeletons
  4 centaur skeletons
  Ijyb (D:4)
  A demonspawn skeleton (Crypt:2)
  2 iguanas
  8 worker ants
  5 hell rats
  An acid dragon skeleton (Crypt:3)
  A crocodile skeleton (Crypt:3)
  A howler monkey zombie (D:7)
  A worker ant zombie (D:9)
  15 gnolls
  2 howler monkey skeletons
  A scorpion zombie (Crypt:2)
  20 adders
  A swamp drake skeleton (Crypt:1)
  6 white imps
  An ooze (D:1)
  A lava snake zombie (Crypt:2)
  2 worms
  3 dart slugs
  9 leopard geckos
  108 orcs
  A ball python (D:3)
  6 giant cockroaches
  14 goblins
  2 hobgoblins (D:3)
  15 jackals
  A quokka (D:3)
  14 bats
  9 frilled lizards
  A giant cockroach zombie (Crypt:3)
  4 goblin zombies (D:5)
  A hobgoblin skeleton (Crypt:2)
  A hobgoblin zombie (D:5)
  A jackal skeleton (D:6)
  21 kobolds
  2 kobold skeletons (D:5)
  A leopard gecko zombie (D:2)
  2 orc zombies (D:5)
  6 rats
  A river rat zombie (Crypt:1)
  A lurking horror (Abyss:3)
  4 plants
  4 starspawn tentacles
2883 creatures vanquished.

Vanquished Creatures (collateral kills)
  A nagaraja (Zig:11)
  A draconian knight (Zot:4)
  3 naga sharpshooters (Zig:11)
  A mana viper (Zig:11)
  6 black mambas
  A naga (Snake:2)
13 creatures vanquished.

Vanquished Creatures (others)
  A deep elf master archer (Elf:3)
  A vault warden (Vaults:1)
  A deep elf elementalist (Elf:3)
  A black draconian (Zot:4)
  A merfolk javelineer (Vaults:1)
  A yaktaur captain (Vaults:5)
  A hydra (Swamp:4)
  A hell hog (Abyss:3)
  2 shock serpents
  A lindwurm (Swamp:4)
  An orc knight (Vaults:1)
  A black mamba (Snake:2)
  A steam dragon (Swamp:4)
  A chaos spawn (Zig:9)
  A hell hound (Hell)
  3 swamp drakes (Swamp:4)
  A ball lightning (Abyss:1)
  A barachi zombie (Crypt:3)
  An orc (D:13)
  9 fungi
  A lurking horror (Abyss:3)
  16 plants
  17 starspawn tentacles
  2 withered plants (D:15)
67 creatures vanquished.

Grand Total: 2963 creatures vanquished

Notes
Turn   | Place    | Note
-------+----------+-------------------------------------------
     0 | D:1      | Inarius the Demonspawn Hunter began the quest for the Orb.
     0 | D:1      | Reached XP level 1. HP: 16/16 MP: 1/1
   105 | D:1      | Gained mutation: You are slightly more attuned to the
                  | shadows. [demonic ancestry]
   105 | D:1      | Reached XP level 2. HP: 10/22 MP: 2/2
   967 | D:1      | Gained mutation: You regenerate a little health from kills.
                  | [demonic ancestry]
   967 | D:1      | Reached XP level 3. HP: 26/27 MP: 3/3
  1162 | D:2      | Noticed an ogre
  1239 | D:2      | Reached skill level 1 in Stealth
  1738 | D:1      | Reached skill level 1 in Armour
  2003 | D:2      | Reached skill level 1 in Short Blades
  2003 | D:2      | Reached XP level 4. HP: 34/34 MP: 4/4
  2069 | D:2      | Found a stormy altar of Qazlal.
  2265 | D:2      | Killed an ogre
  2265 | D:2      | Reached XP level 5. HP: 40/40 MP: 5/5
  2830 | D:3      | Reached skill level 2 in Short Blades
  3006 | D:3      | Reached XP level 6. HP: 47/47 MP: 6/6
  3607 | D:4      | Noticed Sigmund
  3740 | D:4      | Killed Sigmund
  3908 | D:4      | Found Wuloph's Weapon Shoppe.
  3925 | D:4      | Gained mutation: You are partially covered in icy blue
                  | scales. (AC +2) [demonic ancestry]
  3925 | D:4      | Reached XP level 7. HP: 50/52 MP: 7/7
  4006 | D:4      | Noticed Ijyb
  4020 | D:4      | Killed Ijyb
  4131 | D:4      | Noticed Grinder
  4145 | D:4      | Killed Grinder
  4145 | D:4      | Reached skill level 3 in Short Blades
  4145 | D:4      | Reached skill level 1 in Evocations
  4462 | D:4      | Found a burning altar of Makhleb.
  4604 | D:5      | Entered Level 5 of the Dungeon
  4639 | D:4      | Gained mutation: You regenerate health from kills. [demonic
                  | ancestry]
  4639 | D:4      | Reached XP level 8. HP: 28/60 MP: 9/9
  4979 | D:4      | Reached skill level 4 in Short Blades
  5129 | D:5      | Found a glowing golden altar of the Shining One.
  5175 | D:5      | Found a shimmering altar of Xom.
  5176 | D:5      | Found a hazy altar of Hepliaklqana.
  5176 | D:5      | Noticed a hell beast
  5177 | D:5      | Noticed a hell beast
  5177 | D:5      | Noticed a spectral ugly thing
  5677 | D:6      | Reached skill level 5 in Fighting
  5687 | D:6      | Gained mutation: Your muscles are strong. (Str +2) [potion
                  | of mutation]
  5687 | D:6      | Gained mutation: [Armour fits poorly on your strangely
                  | shaped body.] [potion of mutation]
  5687 | D:6      | Gained mutation: You have large cloven feet. [potion of
                  | mutation]
  6094 | D:6      | Reached skill level 5 in Short Blades
  6471 | D:6      | Found a hide-covered altar of Uskayaw.
  6506 | D:6      | Found a staircase to the Ecumenical Temple.
  6514 | Temple   | Entered the Ecumenical Temple
  6539 | Temple   | Became a worshipper of Warmaster Okawaru
  6957 | D:6      | Reached XP level 9. HP: 66/69 MP: 11/11
  7077 | D:6      | Found an ornate altar of the Wu Jian Council.
  7597 | D:7      | Reached * piety under Okawaru
  7782 | D:7      | Noticed Dowan
  7798 | D:7      | Killed Dowan
  7801 | D:7      | Noticed Duvessa
  7821 | D:7      | Noticed Harold
  7975 | D:7      | Killed Duvessa
  8197 | D:7      | Found a shimmering altar of Xom.
  8990 | D:7      | Reached skill level 6 in Short Blades
  9288 | D:7      | Upgraded the game from 0.24-a0-459-g225fefd530 to
                  | 0.24-a0-462-ge24419a6ad
  9313 | D:8      | Found the +8 frozen axe "Frostbite" {freezing cloud, *Noise
                  | +Fly rC+}
  9450 | D:8      | Reached skill level 1 in Unarmed Combat
  9459 | D:8      | Reached ** piety under Okawaru
  9609 | D:8      | Found a transporter.
  9609 | D:8      | Noticed a red ugly thing
  9610 | D:8      | Noticed a red ugly thing
  9610 | D:8      | Noticed a cyan ugly thing
  9884 | D:8      | Reached XP level 10. HP: 79/79 MP: 7/13
  9984 | D:8      | Reached skill level 5 in Evocations
 10141 | D:8      | Found a roughly hewn altar of Beogh.
 10173 | D:8      | Found a sparkling altar of Nemelex Xobeh.
 10173 | D:8      | Found a shadowy altar of Dithmenos.
 10309 | D:8      | Found a transporter.
 10534 | D:9      | Reached skill level 5 in Stealth
 10908 | D:9      | Identified the +5 war axe of Tewion Ceun {flame, Dex+2}
 10917 | D:9      | HP: 2/79 [crimson imp/the +5 war axe of Tewion Ceun {flame,
                  | Dex+2} (2)]
 10941 | D:9      | Reached *** piety under Okawaru
 10941 | D:9      | Reached skill level 5 in Dodging
 10941 | D:9      | Reached skill level 1 in Invocations
 10994 | D:9      | Noticed a lindwurm
 10994 | D:9      | Noticed a lindwurm
 11001 | D:9      | Noticed a lindwurm
 11243 | D:9      | Reached skill level 7 in Short Blades
 11280 | D:9      | Found a staircase to the Lair.
 11584 | D:9      | Reached **** piety under Okawaru
 11643 | D:9      | Noticed Pikel
 11685 | D:9      | Killed Pikel
 11685 | D:9      | Reached skill level 5 in Throwing
 11927 | D:9      | Killed a lindwurm
 11928 | D:9      | Noticed a lindwurm
 11937 | D:9      | Killed a lindwurm
 11937 | D:9      | Reached XP level 11. HP: 36/86 MP: 6/15
 11942 | D:9      | Killed a lindwurm
 11942 | D:9      | Reached ***** piety under Okawaru
 11951 | D:9      | Killed a lindwurm
 12004 | D:10     | Entered Level 10 of the Dungeon
 12037 | D:10     | Reached skill level 8 in Short Blades
 12184 | D:10     | Reached skill level 5 in Armour
 12372 | D:10     | Found a staircase to the Orcish Mines.
 12412 | D:10     | Identified the ring of Sud Neal {Wiz *Corrode rC+ MR++
                  | Stlth+}
 12732 | D:10     | Lost mutation: Your muscles are strong. (Str +2) [potion of
                  | mutation]
 12732 | D:10     | Lost mutation: [Armour fits poorly on your strangely shaped
                  | body.] [potion of mutation]
 12732 | D:10     | Lost mutation: You have large cloven feet. [potion of
                  | mutation]
 12732 | D:10     | Gained mutation: You have sharp toenails. [potion of
                  | mutation]
 12732 | D:10     | Gained mutation: You are resistant to hostile enchantments.
                  | (MR+) [potion of mutation]
 12907 | D:10     | Received a gift from Okawaru
 13430 | D:11     | Reached skill level 5 in Invocations
 13515 | D:11     | You fall into a shaft and drop 2 floors!
 13942 | D:12     | Got a scorched ivory amulet
 13946 | D:12     | Identified the amulet of Ukump {*Contam +Rage rN++ Int+4
                  | Dex+2} (You found it on level 12 of the Dungeon)
 14213 | D:12     | Found a roughly hewn altar of Beogh.
 14219 | D:12     | Received a gift from Okawaru
 14507 | D:4      | Bought the +7 dagger of Nitaneung {pierce, *Drain rPois rF+
                  | Int+4} for 708 gold pieces
 14750 | D:11     | Reached skill level 9 in Short Blades
 14751 | D:11     | Reached XP level 12. HP: 94/94 MP: 16/16
 15038 | Lair:1   | Entered Level 1 of the Lair of Beasts
 15089 | Lair:1   | Got a polished plate armour
 15185 | Lair:1   | Noticed an eight-headed hydra
 15213 | Lair:1   | Killed an eight-headed hydra
 15429 | Lair:1   | Noticed Joseph
 15463 | Lair:1   | Killed Joseph
 16181 | Lair:2   | Received a gift from Okawaru
 16196 | Lair:2   | Found the +8 whip "Snakebite" {curare, rPois}
 16265 | Lair:2   | Found a staircase to the Swamp.
 16539 | Lair:2   | Reached skill level 10 in Short Blades
 16757 | Lair:2   | Received a gift from Okawaru
 17064 | Lair:3   | You fall into a shaft and drop 2 floors!
 17192 | Lair:3   | Noticed an eight-headed hydra
 17195 | Lair:3   | Killed an eight-headed hydra
 17243 | Lair:3   | Gained mutation: You are mostly covered in icy blue scales.
                  | (AC +3) [demonic ancestry]
 17243 | Lair:3   | Reached XP level 13. HP: 45/101 MP: 8/18
 17751 | Lair:3   | Received a gift from Okawaru
 17754 | Lair:3   | Got a pair of transparent gloves {god gift}
 17765 | Lair:3   | Identified the +1 pair of gloves of the Ward {rC++ rCorr
                  | Dex-3 SInv} (Okawaru gifted it to you on level 3 of the
                  | Lair of Beasts)
 17787 | Lair:3   | Found a staircase to the Snake Pit.
 18303 | Lair:4   | Reached skill level 10 in Stealth
 19404 | Lair:5   | Reached ****** piety under Okawaru
 19412 | Lair:5   | Identified the +8 plate armour of the True Pharaoh {-Cast
                  | Dex+5} (You found it on level 1 of the Lair of Beasts)
 19494 | Lair:5   | Received a gift from Okawaru
 19965 | Lair:6   | Entered Level 6 of the Lair of Beasts
 20099 | Lair:6   | Found a runed translucent door.
 20099 | Lair:6   | Found a viscous altar of Jiyva.
 20101 | Lair:6   | Noticed an azure jelly
 20101 | Lair:6   | Noticed an azure jelly
 20102 | Lair:6   | Found a staircase to the Slime Pits.
 20102 | Lair:6   | Noticed an azure jelly
 20205 | Lair:6   | Lost mutation: You have sharp toenails. [demonic ancestry]
 20205 | Lair:6   | Gained mutation: You have large cloven feet. [demonic
                  | ancestry]
 20205 | Lair:6   | Reached XP level 14. HP: 92/109 MP: 15/21
 20225 | Lair:6   | Reached skill level 11 in Short Blades
 20364 | Lair:6   | Got a crude rapier
 20379 | Lair:6   | Reached skill level 10 in Fighting
 20405 | Lair:6   | Identified the +1 rapier of the Unkillable {flame, Dex+5}
                  | (You found it on level 6 of the Lair of Beasts)
 20592 | Lair:6   | Reached skill level 1 in Shields
 20731 | Lair:6   | Noticed Urug
 20732 | Lair:6   | Noticed Urug
 20732 | Lair:6   | Urug changed into Urug the hippogriff
 20748 | Lair:6   | Killed Urug the hippogriff
 20898 | Lair:6   | Noticed a thorn hunter
 20898 | Lair:6   | an oklob plant changed into a thorn hunter
 20917 | Lair:6   | Killed a thorn hunter
 21006 | Lair:6   | Reached skill level 10 in Armour
 21704 | Lair:6   | Received a gift from Okawaru
 21766 | Lair:6   | Got a pair of ancient gloves
 21777 | Lair:6   | Identified the +2 pair of gloves of Sovereignty {Int+2
                  | Stlth+} (You found it on level 6 of the Lair of Beasts)
 22699 | Orc:1    | Entered Level 1 of the Orcish Mines
 22702 | Orc:1    | Found Buf Laxtit's Distillery.
 22715 | Orc:1    | Bought a potion of cancellation for 112 gold pieces
 22719 | Orc:1    | Found Mallarch's Antique Weapon Boutique.
 22904 | Orc:1    | Found a roughly hewn altar of Beogh.
 22947 | Orc:1    | Found Uhiys's Book Emporium.
 23062 | Orc:2    | Entered Level 2 of the Orcish Mines
 23153 | Orc:2    | Found a gate leading to a gauntlet.
 23191 | Gauntlet | Entered a Gauntlet
 23199 | Gauntlet | Found a transporter.
 23199 | Gauntlet | Found a transporter.
 23210 | Gauntlet | Found a transporter.
 23211 | Gauntlet | Found a transporter.
 23224 | Gauntlet | Found a transporter.
 23226 | Gauntlet | Found a transporter.
 23244 | Gauntlet | Found a transporter.
 23248 | Gauntlet | Found a transporter.
 23258 | Gauntlet | Found a transporter.
 23262 | Gauntlet | Found a transporter.
 23272 | Gauntlet | Found a transporter.
 23292 | Gauntlet | Found a transporter.
 23536 | Gauntlet | Got a steaming tin ring
 23538 | Gauntlet | Identified the ring "Jaozaad" {Str+3 Int+4 Slay+2 SInv}
                  | (You found it in a Gauntlet)
 23614 | Gauntlet | Got a bronze plate armour
 23629 | Orc:2    | Identified the +8 plate armour of Fortification {rPois
                  | Regen+ Int+2} (You found it in a Gauntlet)
 23675 | Orc:2    | Found Zakaolu's Food Shoppe.
 23686 | Orc:2    | Found a staircase to the Elven Halls.
 23952 | Orc:2    | Found a deep blue altar of Sif Muna.
 23971 | Orc:2    | Identified Sif Muna's Catalogue of Damage Dealing
 24004 | Orc:2    | Reached skill level 12 in Short Blades
 24034 | Orc:2    | Gained mutation: You have hoof-like feet. [demonic
                  | ancestry]
 24034 | Orc:2    | Reached XP level 15. HP: 42/117 MP: 4/22
 24054 | Orc:2    | Received a gift from Okawaru
 24134 | Orc:2    | Found Ulism's Jewellery Emporium.
 24134 | Orc:2    | Found Zuxteatt's Gadget Shop.
 24135 | Orc:2    | Found Hucomnuck's Armour Boutique.
 24135 | Orc:2    | Found Oplibin's Weapon Emporium.
 24145 | Orc:2    | Bought the +4 moon troll leather armour {Spirit, Regen++
                  | MP+5} for 817 gold pieces
 24145 | Orc:2    | Found the +4 moon troll leather armour {Spirit, Regen++
                  | MP+5}
 24238 | Orc:1    | Found Waepoh's Jewellery Emporium.
 24366 | Orc:1    | Found Naohomah's Food Emporium.
 24627 | D:12     | Received a gift from Okawaru
 24946 | D:13     | Noticed Rupert
 24962 | D:13     | Killed Rupert
 25012 | D:13     | Reached skill level 10 in Invocations
 25028 | D:13     | Found a bloodstained altar of Trog.
 25667 | D:14     | Noticed Josephine
 25682 | D:14     | Killed Josephine
 25682 | D:14     | Reached skill level 10 in Evocations
 25844 | D:14     | Noticed Snorg
 25851 | D:14     | Killed Snorg
 25864 | D:14     | Noticed Agnes
 25879 | D:14     | Killed Agnes
 25978 | D:14     | Received a gift from Okawaru
 26047 | D:14     | Found a gate to the Vaults.
 26638 | D:14     | Gained mutation: You are significantly more attuned to the
                  | shadows. [demonic ancestry]
 26638 | D:14     | Reached XP level 16. HP: 126/126 MP: 23/23
 26861 | D:15     | Entered Level 15 of the Dungeon
 27040 | D:15     | Noticed Louise
 27048 | D:15     | Killed Louise
 27303 | D:15     | Reached skill level 13 in Short Blades
 27398 | D:15     | Found a staircase to the Depths.
 27705 | D:15     | Found a portal to a secret trove of treasure.
 28314 | Swamp:1  | Entered Level 1 of the Swamp
 28348 | Swamp:1  | Received a gift from Okawaru
 28368 | Swamp:1  | Got a heavily runed scale mail {god gift}
 28385 | Lair:2   | Identified the +3 scale mail "Gistemp" {rElec rPois rN+
                  | Regen+} (Okawaru gifted it to you on level 1 of the Swamp)
 29418 | Swamp:2  | Noticed a thorn hunter
 29436 | Swamp:2  | Killed a thorn hunter
 29719 | Swamp:2  | Reached skill level 5 in Shields
 29720 | Swamp:2  | Noticed Frances
 29730 | Swamp:2  | Killed Frances
 30235 | Swamp:3  | Identified Roxanne's Compendium of the Rocks
 30235 | Swamp:3  | Noticed Roxanne
 30310 | Swamp:3  | Received a gift from Okawaru
 30449 | Swamp:2  | Received a gift from Okawaru
 30747 | Swamp:3  | Found an ornate altar of the Wu Jian Council.
 30752 | Swamp:3  | Noticed Bai Suzhen
 30814 | Swamp:3  | Killed Bai Suzhen
 30814 | Swamp:3  | Received a gift from Okawaru
 30814 | Swamp:3  | Reached XP level 17. HP: 72/134 MP: 24/24
 30931 | Swamp:3  | Received a gift from Okawaru
 31449 | Swamp:3  | Killed Roxanne
 31473 | Swamp:4  | Entered Level 4 of the Swamp
 32314 | Swamp:4  | Reached skill level 14 in Short Blades
 32582 | Swamp:4  | Got a decaying rune of Zot
 32804 | Swamp:4  | Noticed Nikola
 32817 | Swamp:4  | Killed Nikola
 32817 | Swamp:4  | Received a gift from Okawaru
 32857 | Swamp:4  | Received a gift from Okawaru
 33298 | Snake:1  | Entered Level 1 of the Snake Pit
 33925 | Snake:1  | Received a gift from Okawaru
 34201 | Snake:1  | Found Emnisiat's General Store.
 34887 | Snake:2  | Gained mutation: You regenerate a lot of health from kills.
                  | [demonic ancestry]
 34887 | Snake:2  | Reached XP level 18. HP: 110/142 MP: 22/25
 35206 | Snake:2  | Received a gift from Okawaru
 35554 | Snake:3  | Found Maiminar's Merry Market.
 35558 | Snake:3  | Bought a scroll of magic mapping for 38 gold pieces
 35698 | Snake:3  | Noticed Aizul
 35707 | Snake:3  | Killed Aizul
 35725 | Snake:3  | Noticed Vashnia
 35761 | Snake:3  | Killed Vashnia
 35858 | Snake:3  | Noticed Saint Roka
 36025 | Snake:2  | Killed Saint Roka
 36025 | Snake:2  | Received a gift from Okawaru
 36034 | Snake:2  | Identified the +4 short sword of the Beast {freeze, Int-3
                  | Dex+5} (Okawaru gifted it to you on level 2 of the Snake
                  | Pit)
 36237 | Snake:3  | Reached skill level 10 in Dodging
 36450 | Snake:4  | Entered Level 4 of the Snake Pit
 36690 | Snake:4  | Identified the Handbook of the Creative Birds
 36932 | Snake:4  | Received a gift from Okawaru
 37171 | Snake:4  | Received a gift from Okawaru
 37771 | Snake:4  | Received a gift from Okawaru
 37914 | Snake:4  | Reached skill level 15 in Short Blades
 37995 | Snake:4  | Reached XP level 19. HP: 15/150 MP: 4/27
 38201 | Snake:4  | Reached skill level 10 in Shields
 38883 | Snake:4  | Received a gift from Okawaru
 38891 | Snake:4  | Got a pair of scorched boots {god gift}
 38907 | Snake:4  | Identified the +3 pair of boots of Okawaru's Reproof {+Fly
                  | rC+ MR+ Dex-4} (Okawaru gifted it to you on level 4 of the
                  | Snake Pit)
 38947 | Snake:4  | Got a serpentine rune of Zot
 39338 | Elf:1    | Entered Level 1 of the Elven Halls
 39857 | Elf:1    | Found Qeever's Antique Armour Boutique.
 40346 | Elf:2    | Reached skill level 15 in Stealth
 40368 | Elf:2    | Found a radiant altar of Vehumet.
 40577 | Elf:2    | Found a runed translucent gate.
 40577 | Elf:2    | Found a runed translucent gate.
 40577 | Elf:2    | Found a runed translucent gate.
 40770 | Elf:3    | Entered Level 3 of the Elven Halls
 41022 | Vaults:1 | Entered Level 1 of the Vaults
 41039 | Vaults:1 | Found the +10 large shield of Ignorance {rN+ Int-4}
 41233 | Vaults:1 | Received a gift from Okawaru
 41621 | Vaults:1 | Found a runed translucent gate.
 41621 | Vaults:1 | Found a runed translucent gate.
 41621 | Vaults:1 | Found a runed translucent gate.
 41627 | Vaults:1 | Noticed Tovvajec's ghost (adept HOBe)
 42071 | Vaults:1 | Gained mutation: You have hooves in place of feet. [demonic
                  | ancestry]
 42071 | Vaults:1 | Reached XP level 20. HP: 159/159 MP: 28/28
 42077 | Vaults:1 | Received a gift from Okawaru
 42231 | Vaults:1 | Received a gift from Okawaru
 42546 | Vaults:1 | Identified the cursed +0 leather armour "Paajyjui" {rN+
                  | rCorr Int+3}
 42596 | Vaults:1 | Killed Tovvajec's ghost
 42690 | Vaults:1 | Found an iron altar of Okawaru.
 42731 | Vaults:2 | Reached skill level 16 in Short Blades
 42735 | Vaults:2 | Found Busam's Magic Scroll Boutique.
 42796 | Vaults:2 | Received a gift from Okawaru
 42827 | Vaults:2 | Bought a scroll of enchant armour for 112 gold pieces
 42827 | Vaults:2 | Bought a scroll of magic mapping for 52 gold pieces
 42827 | Vaults:2 | Bought a scroll of summoning for 142 gold pieces
 43058 | Vaults:2 | Received a gift from Okawaru
 43971 | Vaults:2 | Received a gift from Okawaru
 44272 | Vaults:3 | Found Plog's Gadget Shoppe.
 44399 | Vaults:3 | Found the +7 Kryia's mail coat {PotionHeal*2 rC+}
 44810 | Vaults:3 | Found a staircase to the Crypt.
 45360 | Vaults:3 | Reached XP level 21. HP: 166/166 MP: 29/29
 45771 | Vaults:4 | Received a gift from Okawaru
 46173 | Vaults:4 | Received a gift from Okawaru
 46184 | Vaults:4 | Identified the +6 battleaxe "Pyesaargh" {freeze, *Contam
                  | rF+ rN++ Dex+3 Stlth+}
 46220 | Vaults:4 | Received a gift from Okawaru
 46304 | Vaults:4 | Noticed a golden dragon
 46315 | Vaults:4 | Killed a golden dragon
 46400 | Vaults:4 | Found a shimmering altar of Xom.
 46402 | Vaults:4 | Found Waitsul's General Store.
 46408 | Vaults:4 | Bought a scroll of brand weapon for 300 gold pieces
 46410 | Vaults:4 | Bought a scroll of acquirement for 780 gold pieces
 46410 | Vaults:4 | Bought a potion of haste for 150 gold pieces
 46854 | Vaults:4 | Reached skill level 15 in Shields
 47335 | Orc:2    | Bought the ring of the Thistle {rF+ rN+ Str+4} for 593 gold
                  | pieces
 47546 | Depths:1 | Entered Level 1 of the Depths
 47980 | Depths:2 | Received a gift from Okawaru
 48138 | Depths:1 | Found a gateway to a ziggurat.
 48466 | Depths:1 | Gained mutation: You are completely covered in icy blue
                  | scales. (AC +4, rC+) [demonic ancestry]
 48466 | Depths:1 | Reached XP level 22. HP: 93/174 MP: 30/30
 48561 | Depths:1 | Reached skill level 15 in Fighting
 48931 | Depths:1 | Found a gateway to Hell.
 49037 | Depths:1 | Received a gift from Okawaru
 49121 | Depths:1 | Found Uzelaira's Antique Weapon Emporium.
 49563 | Depths:2 | Found a one-way gate leading to the halls of Pandemonium.
 49579 | Depths:2 | Got a serpentine golden ring
 49594 | Depths:2 | Identified the ring "Bah Ken" {Fire rElec rN+ MR+} (You
                  | found it on level 2 of the Depths)
 49635 | Depths:2 | Found a glowing golden altar of the Shining One.
 49960 | Depths:3 | Noticed a juggernaut
 50055 | Depths:2 | Reached skill level 17 in Short Blades
 50143 | Depths:3 | Received a gift from Okawaru
 50152 | Depths:3 | Identified the +0 large shield "Koril" {Str+4 Dex+5}
                  | (Okawaru gifted it to you on level 3 of the Depths)
 50356 | Depths:3 | Found a one-way gate to the infinite horrors of the Abyss.
 50863 | Depths:3 | Found Mepluife's Jewellery Boutique.
 50863 | Depths:3 | Found Pachuho's Jewellery Boutique.
 50864 | Depths:3 | Found Coosuim's Gadget Shoppe.
 51006 | Depths:3 | Found a huge runed gate.
 51006 | Depths:3 | Found a huge runed gate.
 51006 | Depths:3 | Found a huge runed gate.
 51006 | Depths:3 | Found a huge runed gate.
 51082 | Depths:2 | Received a gift from Okawaru
 51261 | Depths:2 | Killed a juggernaut
 51345 | Depths:3 | Gained mutation: You are robust. (+10% HP) [demonic
                  | ancestry]
 51345 | Depths:3 | Reached XP level 23. HP: 169/199 MP: 32/32
 51458 | Depths:3 | Found a huge runed gate.
 51458 | Depths:3 | Found a huge runed gate.
 51458 | Depths:3 | Found a huge runed gate.
 51458 | Depths:3 | Found a huge runed gate.
 51458 | Depths:3 | Found a huge runed gate.
 51458 | Depths:3 | Found a huge runed gate.
 51458 | Depths:3 | Found a huge runed gate.
 51458 | Depths:3 | Found a huge runed gate.
 51458 | Depths:3 | Found a huge runed gate.
 51469 | Depths:3 | Found a huge runed gate.
 51469 | Depths:3 | Found a huge runed gate.
 51741 | Depths:3 | Found a huge runed gate.
 51741 | Depths:3 | Found a huge runed gate.
 51742 | Depths:3 | Found a huge runed gate.
 51773 | Depths:3 | Found a huge runed gate.
 51773 | Depths:3 | Found a huge runed gate.
 51773 | Depths:3 | Found a huge runed gate.
 51919 | Depths:3 | Noticed a caustic shrike
 51919 | Depths:3 | Noticed a juggernaut
 51920 | Depths:3 | Noticed a caustic shrike
 51980 | Depths:3 | Killed a caustic shrike
 52281 | Depths:3 | Killed a caustic shrike
 52498 | Depths:3 | Killed a juggernaut
 52645 | Depths:4 | Received a gift from Okawaru
 52763 | Depths:4 | Received a gift from Okawaru
 52840 | Depths:4 | Received a gift from Okawaru
 52926 | Depths:4 | Identified the +9 plate armour "Haink" {Regen+} (Okawaru
                  | gifted it to you on level 4 of the Depths)
 53521 | Depths:4 | Found the +8 Wrath of Trog {antimagic, *Rage}
 54189 | Depths:5 | Entered Level 5 of the Depths
 54452 | Depths:5 | Noticed Boris
 54455 | Depths:5 | Gained mutation: You are completely attuned to the shadows.
                  | [demonic ancestry]
 54455 | Depths:5 | Reached XP level 24. HP: 209/209 MP: 32/32
 54460 | Depths:5 | Killed Boris
 54460 | Depths:5 | Received a gift from Okawaru
 54577 | Depths:5 | Found a gate to the Realm of Zot.
 54602 | Depths:5 | Received a gift from Okawaru
 54779 | Depths:5 | Found Zagga's Pet Rocks.
 54911 | Depths:5 | Reached skill level 18 in Short Blades
 55431 | Crypt:1  | Entered Level 1 of the Crypt
 55444 | Crypt:1  | Noticed Jory
 55449 | Crypt:1  | Killed Jory
 56244 | Crypt:2  | Noticed an ancient lich
 56245 | Crypt:2  | Found a transporter.
 56275 | Crypt:2  | Noticed Boris
 56333 | Crypt:2  | Killed Boris
 56333 | Crypt:2  | Received a gift from Okawaru
 56856 | Crypt:2  | Found a transporter.
 57259 | Crypt:3  | Entered Level 3 of the Crypt
 57483 | Crypt:3  | Found a staircase to the Tomb.
 57626 | Crypt:3  | Received a gift from Okawaru
 57870 | Crypt:3  | Received a gift from Okawaru
 58472 | Crypt:3  | Noticed an ancient lich
 58481 | Crypt:3  | Noticed an ancient lich
 58709 | Crypt:3  | Killed an ancient lich
 58709 | Crypt:3  | Gained mutation: You are very robust. (+20% HP) [demonic
                  | ancestry]
 58709 | Crypt:3  | Reached XP level 25. HP: 208/236 MP: 32/32
 58780 | Crypt:3  | Identified the Grimoire of Dark Rituals
 58824 | Crypt:3  | Killed an ancient lich
 58829 | Crypt:3  | Identified the Handbook of the Shifting Voyage
 58833 | Crypt:3  | Got a pitted jade ring
 58834 | Crypt:3  | Identified the ring of Wayn {*Slow rElec rN+ Dex+5} (You
                  | found it on level 3 of the Crypt)
 58838 | Crypt:3  | Identified the amulet "Yvuu" {RegenMP rN++} (You found it
                  | on level 3 of the Crypt)
 58846 | Crypt:3  | Identified the ring "Dytwuas" {rN+ MR+} (You found it on
                  | level 3 of the Crypt)
 58934 | Crypt:2  | Killed an ancient lich
 58956 | Crypt:2  | Received a gift from Okawaru
 58996 | Crypt:2  | Identified the cursed +0 hat of Pride {rElec Dex+4} (You
                  | found it on level 2 of the Crypt)
 59364 | Depths:3 | Bought a +6 amulet of reflection for 1462 gold pieces
 60155 | Elf:2    | Received a gift from Okawaru
 60604 | Elf:3    | Noticed Asterion
 60607 | Elf:3    | Killed Asterion
 61005 | Elf:3    | Found a runed translucent gate.
 61005 | Elf:3    | Found a runed translucent gate.
 61005 | Elf:3    | Found a runed translucent gate.
 61007 | Elf:3    | Noticed zikan's ghost (adept MiBe)
 61007 | Elf:3    | Noticed namelastname112's ghost (adept DrEn)
 61008 | Elf:3    | Noticed Ijustatesigmund's ghost (adept OgFi)
 61008 | Elf:3    | Noticed p0werm0de's ghost (adept DgSu)
 61138 | Elf:3    | Killed zikan's ghost
 61290 | Elf:3    | Killed namelastname112's ghost
 61291 | Elf:3    | Killed p0werm0de's ghost
 61291 | Elf:3    | Received a gift from Okawaru
 61299 | Elf:3    | Killed Ijustatesigmund's ghost
 61316 | Elf:3    | Identified the +4 scale mail "Biejef" {-Tele Int+4 SInv}
                  | (Okawaru gifted it to you on level 3 of the Elven Halls)
 61882 | Elf:3    | Identified the +1 helmet "Homuowk" {+Fly rPois MR+} (You
                  | found it on level 3 of the Elven Halls)
 61964 | Elf:3    | Identified the +4 scale mail "Joupogy" {rC+} (You found it
                  | on level 3 of the Elven Halls)
 62003 | Elf:3    | Identified the +9 war axe of War {protect, *Contam rPois
                  | rC- rN+++}
 62003 | Elf:3    | Identified the amulet "Vekih" {*Drain +Rage MR+ Int+3}
 62032 | Elf:3    | Identified the Almanac of Evil
 62044 | Elf:3    | Identified the cursed +1 chain mail of the Gardener {Str+3}
                  | (You found it on level 3 of the Elven Halls)
 62046 | Elf:3    | Identified the ring of Akud {+Blink Str+3 Int-5 Stlth+}
                  | (You found it on level 3 of the Elven Halls)
 62179 | Elf:3    | Reached skill level 19 in Short Blades
 63435 | Vaults:5 | Entered Level 5 of the Vaults
 63591 | Vaults:5 | Noticed Mennas
 63594 | Vaults:5 | Killed Mennas
 63774 | Vaults:5 | Reached XP level 26. HP: 220/248 MP: 33/33
 63809 | Vaults:5 | Received a gift from Okawaru
 63914 | Vaults:5 | Got a silver rune of Zot
 64276 | Vaults:5 | Identified the Disquisition on Excruciating Changing
 64349 | Vaults:5 | Received a gift from Okawaru
 64754 | Vaults:5 | Noticed an ancient lich
 64785 | Vaults:5 | Killed an ancient lich
 64785 | Vaults:5 | Received a gift from Okawaru
 64937 | Vaults:5 | Identified the +1 ring mail of Jigsaw {rN+}
 64975 | Vaults:5 | Received a gift from Okawaru
 65089 | Vaults:5 | Identified the +5 ring mail of Syroxeith {+Inv rElec MP+9
                  | Slay-2}
 65244 | Vaults:5 | Found Ykuoqir's Weapon Boutique.
 65424 | Vaults:5 | Identified the ring "Daoruc" {Str+4 Stlth+}
 65432 | Vaults:5 | Reached skill level 15 in Dodging
 65471 | Vaults:5 | Reached skill level 20 in Short Blades
 65885 | Vaults:5 | Identified the Catalogue of Damaging Unholy Secrets
 66072 | Vaults:5 | Upgraded the game from 0.24-a0-462-ge24419a6ad to
                  | 0.24-a0-463-g3510def36b
 66886 | Slime:1  | Entered Level 1 of the Pits of Slime
 67391 | Slime:1  | Gained mutation: Scrolls take you a little longer to read.
                  | [a shining eye]
 67407 | Slime:1  | Lost mutation: You are resistant to hostile enchantments.
                  | (MR+) [potion of mutation]
 67407 | Slime:1  | Lost mutation: Scrolls take you a little longer to read.
                  | [potion of mutation]
 67407 | Slime:1  | Gained mutation: You are clumsy. (Dex -2) [potion of
                  | mutation]
 67407 | Slime:1  | Gained mutation: You passively map a small area around you.
                  | [potion of mutation]
 67440 | Slime:5  | Entered Level 5 of the Pits of Slime
 67556 | Slime:5  | Received a gift from Okawaru
 67559 | Slime:5  | Got a pair of jewelled gloves {god gift}
 67560 | Slime:5  | Identified the +0 pair of gloves "Vuecva Utwu" {Int+3}
                  | (Okawaru gifted it to you on level 5 of the Pits of Slime)
 67592 | Slime:5  | Noticed Dissolution
 67653 | Slime:5  | Killed Dissolution
 67653 | Slime:5  | Gained mutation: You are extremely robust. (+30% HP)
                  | [demonic ancestry]
 67653 | Slime:5  | Reached XP level 27. HP: 253/282 MP: 33/33
 67825 | Slime:5  | Found a viscous altar of Jiyva.
 67826 | Slime:5  | Noticed the Royal Jelly
 67848 | Slime:5  | Killed the Royal Jelly
 67947 | Slime:5  | Identified the +3 cloak of Woosywau {rElec Dex+2 SInv} (You
                  | found it on level 5 of the Pits of Slime)
 67963 | Slime:5  | Got a slimy rune of Zot
 67983 | Slime:5  | Identified the amulet "Nusa" {Harm *Drain rF+} (You found
                  | it on level 5 of the Pits of Slime)
 68566 | Depths:3 | Voluntarily entered the Abyss.
 69138 | Depths:3 | Escaped the Abyss
 69140 | Depths:3 | Voluntarily entered the Abyss.
 69496 | Depths:3 | Escaped the Abyss
 69499 | Depths:3 | Voluntarily entered the Abyss.
 69688 | Depths:3 | Escaped the Abyss
 69690 | Depths:3 | Voluntarily entered the Abyss.
 69934 | Abyss:3  | Received a gift from Okawaru
 70045 | Abyss:3  | Gained mutation: Your magical capacity is low. (-10% MP) [a
                  | neqoxec]
 70047 | Abyss:3  | Gained mutation: Your flesh is cold resistant. (rC+) [a
                  | neqoxec]
 70171 | Abyss:3  | Got an abyssal rune of Zot
 70180 | Depths:3 | Escaped the Abyss
 70257 | Zot:1    | Entered Level 1 of the Realm of Zot
 70389 | Zot:1    | Reached skill level 21 in Short Blades
 71016 | Zot:1    | Received a gift from Okawaru
 71401 | Zot:1    | Received a gift from Okawaru
 72191 | Zot:2    | Noticed an orb of fire
 72195 | Zot:2    | Killed an orb of fire
 72673 | Zot:2    | Identified the amulet of the Shining Light {Reflect Str+4
                  | SH+4} (You found it on level 2 of the Realm of Zot)
 72967 | Zot:3    | You fall into a shaft and drop 1 floor!
 73574 | Zot:3    | Received a gift from Okawaru
 73686 | Zot:3    | Received a gift from Okawaru
 74145 | Zot:3    | Received a gift from Okawaru
 74779 | Zot:4    | Reached skill level 22 in Short Blades
 75258 | Zot:5    | Entered Level 5 of the Realm of Zot
 75310 | Zot:5    | Received a gift from Okawaru
 75591 | Zot:5    | Upgraded the game from 0.24-a0-463-g3510def36b to
                  | 0.24-a0-464-g6b2be6b8c7
 75697 | Hell     | Entered the Vestibule of Hell
 75730 | Hell     | Noticed Geryon
 75750 | Hell     | Killed Geryon
 76040 | Depths:5 | Gained mutation: Your spells are a little easier to cast,
                  | but a little less powerful. [a cacodemon]
 76345 | Depths:5 | Received a gift from Okawaru
 77086 | Hell     | Found a gateway to the Iron City of Dis.
 77292 | Hell     | Found a gateway to the ashen valley of Gehenna.
 77453 | Hell     | Found a gateway to the decaying netherworld of Tartarus.
 77527 | Hell     | Found a gateway to the freezing wastes of Cocytus.
 77786 | Zig:1    | Entered Level 1 of a ziggurat
 77797 | Zig:2    | Entered Level 2 of a ziggurat
 77828 | Zig:2    | Identified A Primer on Witchery
 77840 | Zig:3    | Entered Level 3 of a ziggurat
 77854 | Zig:3    | Identified the Guide on Calling
 77897 | Zig:4    | Entered Level 4 of a ziggurat
 77928 | Zig:4    | Noticed an ancient lich
 77959 | Zig:4    | Cast into level 5 of the Abyss (an ancient lich)
 77959 | Abyss:5  | Entered Level 5 of the Abyss
 77959 | Abyss:5  | Entered Level 5 of the Abyss
 77968 | Abyss:5  | Found a corrupted altar of Lugonu.
 78000 | Zig:4    | Escaped the Abyss
 78032 | Zig:4    | Killed an ancient lich
 78098 | Zig:4    | Got a fine lead ring
 78099 | Zig:4    | Identified the ring "Katoec" {rF+ Str+5 Dex+6 Stlth+} (You
                  | found it on level 4 of a ziggurat)
 78146 | Zig:5    | Entered Level 5 of a ziggurat
 78238 | Zig:6    | Entered Level 6 of a ziggurat
 78317 | Zig:6    | Reached skill level 23 in Short Blades
 78338 | Zig:7    | Entered Level 7 of a ziggurat
 78407 | Zig:7    | Received a gift from Okawaru
 78428 | Zig:7    | Identified the ring of Qydeeq {*Drain +Blink rElec Dex+2
                  | Slay+6} (You found it on level 7 of a ziggurat)
 78502 | Zig:8    | Entered Level 8 of a ziggurat
 78623 | Zig:8    | Received a gift from Okawaru
 78644 | Zig:8    | Identified the amulet of Activism {Harm *Drain rF++ rN+
                  | MP+9 Int+2} (You found it on level 8 of a ziggurat)
 78657 | Zig:9    | Entered Level 9 of a ziggurat
 78667 | Zig:9    | Noticed Byllubb the pandemonium lord
 78668 | Zig:9    | Noticed Quqadwaf the pandemonium lord
 78674 | Zig:9    | Noticed Sawkirr the pandemonium lord
 78676 | Zig:10   | Entered Level 10 of a ziggurat
 78757 | Zig:10   | Found the +3 robe of Folly {Archmagi, MR-- Int+5}
 78780 | Zig:10   | Found the +15 Maxwell's patent armour {-Cast -Tele rElec
                  | MR+ rCorr}
 78903 | Zig:10   | Received a gift from Okawaru
 78959 | Zig:11   | Entered Level 11 of a ziggurat
 79063 | Zig:11   | Identified the amulet "Settoiz" {Harm *Drain rF+ rC+} (You
                  | found it on level 11 of a ziggurat)
 79082 | Zig:12   | Entered Level 12 of a ziggurat
 79103 | Zig:12   | Found the +8 orange crystal plate armour {Archmagi, Int+3
                  | Clar}
 79105 | Zig:12   | Noticed Daphaegh the pandemonium lord
 79117 | Zig:12   | Paralysed by a sphinx for 7 turns
 79122 | Zig:12   | HP: 12/291 [???[Daphaegh] (4)]
 79122 | Zig:12   | HP: 5/291 [gelid corrupter/+1 dire flail of protection (4)]
 79122 | Zig:12   | Demolished by a flayed ghost

Levels and vault maps discovered:
D:1:      dpeg_arrival_stone_temple_mockup, layout_basic
D:2:      layout_basic, old_standard_altar
D:3:      layout_loops_ring, first_ration
D:4:      kennysheep_the_goblin_king, layout_loops_ring, kennysheep_mini,
          serial_shops, shop_statue, uniq_sigmund, uniq_grinder
D:5:      layout_gridville, regret_index_temple_of_mockery,
          nicolae_tso_besieged_by_evil
D:6:      layout_basic, overflow_temple_1_default,
          nicolae_overflow_hidden_temple, minmay_temple_entry_mini_moons
D:7:      layout_loops_ring, basic_altar, grunt_livestock, wad_floor_pattern_1,
          uniq_harold, uniq_duvessa
D:8:      gammafunk_corrupted_shrine, layout_loops_ring,
          gammafunk_temple_overflow_elements, special_room [special_room_orc]
D:9:      layout_grid_maze, erik_lair_island, minmay_lindwurm_lava, uniq_pikel
D:10:     layout_irregular_city, erik_orc_1, centaur_isle
D:11:     layout_rooms
D:12:     layout_gridville, special_room [special_room_orc]
D:13:     layout_basic, portal_ice_cave_entry_ice_beasts, basic_altar,
          uniq_rupert
D:14:     layout_gridville, ximxim_vaults_locker_room,
          minmay_misc_feat_more_columns, uniq_agnes, uniq_snorg, uniq_josephine
D:15:     gammafunk_depths_entry_grave, layout_long_grid,
          trove_entry_hex_spiral, nicolae_twisting_strands, sword_in_stone
Temple:   eino_narrow_crystal_temple
Lair:1:   layout_roguey, uniq_joseph
Lair:2:   minmay_guarded_unrand_snakebite, layout_cave_pods,
          skrybe_swamp_entry_bodies, grunt_megastairs_2, serial_bayou_shore_b,
          infiniplex_staircase_pool, lemuel_fruit_fields
Lair:3:   minmay_lair_oklob_tunnel, layout_gridlike, dummy_snake_entry,
          grunt_megastairs_4
Lair:4:   beast_lair_carwin_large_1, layout_gridlike
Lair:5:   layout_loops_ring, grunt_megastairs_5
Lair:6:   due_jungle_book, layout_loops_ring, slime_altar_2,
          kilobyte_rumbling_trees, minmay_lair_oklob_chamber, uniq_urug
Swamp:1:  layout_basic_swamp, evilmike_swamp_ruin_house_5
Swamp:2:  layout_basic_swamp, nicolae_swamp_rocky_clearing, swamp_pool1,
          wheals_swamp_sinkhole, nicolae_swamp_alligator_family,
          infiniplex_staircase_pool_2, uniq_frances
Swamp:3:  layout_falls_marsh, lemuel_altar_in_water, uniq_roxanne,
          uniq_bai_suzhen
Swamp:4:  swamp_fiery, layout_basic_swamp, swamp_pool4, uniq_nikola
Snake:1:  layout_gridlike, serial_shops, shop, drop_trap
Snake:2:  layout_basic
Snake:3:  layout_misc_corridors, nicolae_alphabet_shops, uniq_saint_roka,
          uniq_vashnia, uniq_aizul
Snake:4:  grunt_snake_rune_spirals, layout_onion_interference
Slime:1:  layout_caves, nicolae_slime_phagocytosis
Slime:2:  layout_caves
Slime:3:  layout_caves
Slime:4:  layout_caves
Slime:5:  uniq_dissolution
Orc:1:    layout_caves, serial_shops, shop, shop, shop, nicolae_shop_crystal,
          nicolae_shop_crystal, mines2_david
Orc:2:    st_orc_ogre_mass, layout_caves, gauntlet_entry_generic, serial_shops,
          shop, led_sif_book
Elf:1:    eino_elf_arrival_sip, layout_geoelf_octagon, serial_shops,
          nicolae_shop_crystal, minivault_28, grunt_megastairs_3
Elf:2:    layout_loops_cross, basic_altar
Elf:3:    minmay_elf_hall_spiked, layout_geoelf_diagonals,
          gammafunk_ghost_cemetery, uniq_asterion
Vaults:1: gammafunk_vaults_ghost_fury_of_okawaru, hangedman_vaults_stream,
          nicolae_vaults_gold_heap, nicolae_vaults_yaktaur_gun_rack,
          nicolae_vaults_theta, vaults_room_fours, vaults_dpeg_spiral,
          vaults_room_grunt_arrival_ludios, v_misc_8, layout_vaults_big_room
Vaults:2: vaults_dpeg_hooks, nicolae_vaults_little_ls,
          vaults_standard_mumra_enter_the_diamond,
          nicolae_vaults_little_squares_1, vaults_dpeg_ring, v_alt_pattern_2,
          layout_vaults_omnigrid, serial_shops, nicolae_shop_statue_plus
Vaults:3: minmay_crypt_entry_simple_walls, vaults_room_semicircle, v_misc_30,
          nicolae_vaults_theta, nicolae_vaults_circle_grid_a, v_misc_23,
          vaults_room_guarded_vault, v_rooms_3, hangedman_vaults_impose,
          nicolae_vaults_rhombus_7, vaults_room_pools, v_alt_pattern_2,
          ontoclasm_vaults_chip, nicolae_vaults_little_squares_3,
          nicolae_vaults_three_branches, layout_vaults_ring, serial_shops, shop
Vaults:4: ontoclasm_vaults_chip, nicolae_vaults_little_squares_6,
          nicolae_vaults_display_case, vaults_room_grid, v_alt_pattern_2,
          v_pattern_2, hangedman_vaults_stretched_pinwheel,
          nicolae_vaults_ninety_degrees, nicolae_vaults_network_barrier,
          nicolae_vaults_little_squares_2, nicolae_vaults_network_periphery,
          vaults_room_semicircle, ontoclasm_vaults_decontamination,
          layout_vaults_maze_snakey, serial_shops, shop, basic_altar
Vaults:5: serial_shops, uniq_mennas
Crypt:1:  layout_rooms, st_stairs_12, serial_sigils_hangedman_shear, uniq_jory
Crypt:2:  gammafunk_sealed_arena, layout_gridlike, minmay_misc_feat_columns,
          nicolae_crypt_niches, grunt_ministairs_2
Crypt:3:  david_glass_crypt, layout_misc_corridors, lemuel_freeze_loot_1
Depths:1: minmay_inside_and_out, layout_long_grid, enter_ziggurat_e,
          nrook_mini_backslash, serial_shops,
          nicolae_shop_temple_entry_statues_fountains, grunt_hell_entry_dis_mu,
          kennysheep_generic_room_12
Depths:2: wander_protected_by_tso, layout_twisted_cross, rand_demon_pan_entry_7,
          hell_entry, chequers_serial_rivers_micro_a,
          minmay_staircase_windowed_small
Depths:3: hangedman_cross_stitches, layout_cave_pools, abyss_entry_crystal,
          hell_entry, special_room [special_room_mythical_zoo], pan_entry,
          door_vault, infiniplex_staircase_squiggle, firewood_loft,
          serial_bayou_shore_b, minmay_shop_grove, serial_bayou_shore_a
Depths:4: kennysheep_spiral_hall, layout_long_grid, hell_entry, abyss_entry,
          minivault_14, minmay_guarded_unrand_wrath_of_trog,
          serial_bayou_shore_b
Depths:5: grunt_zot_entry_funnels, layout_gridville, abyss_entry,
          hangedman_abyss_or_decor_stabs, pf_coc_iceberg, guppyfry_shop_earth,
          serial_bayou_shore_b, uniq_boris
Hell
Zot:1:    kennysheep_blocky_hall, layout_basic
Zot:2:    layout_onion, grunt_ministairs_2
Zot:3:    layout_misc_corridors
Zot:4:    layout_misc_corridors
Zot:5:    layout_misc_corridors
Zig:12

Skill      XL: |  1  2  3  4  5  6  7  8  9 10 11 12 13 14 15 16 17 18 19 20 21 22 23 24 25 26 27 |
---------------+----------------------------------------------------------------------------------+-----
Throwing       | 4 5 6 7 8 9 |  9.9
Dodging        | 2 3 4 5 6 7 8 9 10 11 12 13 15 19 | 19.4
Stealth        | 1 2 3 4 5 7 9 11 12 13 14 15 16 17 18 19 20 22 | 22.1
Armour         | 1 2 3 4 6 8 9 10 12 13 14 | 14.5
Short Blades   | 1 2 3 5 6 7 9 10 12 13 14 15 16 17 18 19 20 23 | 23.5
Fighting       | 3 4 5 7 8 9 10 11 12 13 14 15 16 17 20 | 20.2
Evocations     | 1 3 4 6 8 10 11 12 | 12.4
Unarmed Combat | 1 |  1.1
Invocations    | 3 5 7 9 10 12 13 14 | 14.1
Shields        | 2 3 5 7 9 12 14 15 16 17 19 | 19.3

Action                   |  1- 3 |  4- 6 |  7- 9 | 10-12 | 13-15 | 16-18 | 19-21 | 22-24 | 25-27 || total
-------------------------+-------+-------+-------+-------+-------+-------+-------+-------+-------++-------
Melee: Short sword       |    50 |       |       |       |       |       |       |       |       ||    50
       Dagger            |    74 |    92 |   472 |   924 |       |       |       |       |       ||  1562
       Unarmed           |       |       |     7 |       |       |       |       |       |       ||     7
       Punch             |       |       |       |    10 |     1 |       |       |       |       ||    11
       Quick blade       |       |       |       |    78 |  1538 |  2426 |  2426 |  2707 |  6355 || 15530
       Kick              |       |       |       |       |       |       |   732 |  1399 |  3664 ||  5795
Throw: Javelin           |       |     9 |    18 |    10 |     3 |    12 |    30 |    59 |    92 ||   233
       Throwing net      |       |       |     4 |       |       |       |       |       |       ||     4
       Boomerang         |       |       |       |    79 |    12 |       |       |       |       ||    91
Invok: Heroism           |       |       |       |     9 |     8 |     7 |     6 |     4 |     8 ||    42
       Finesse           |       |       |       |       |     2 |     5 |     4 |     2 |     8 ||    21
 Abil: Evoke Berserk Rag |       |       |       |       |     5 |     6 |     1 |       |       ||    12
Evoke: Wand              |       |       |     7 |    67 |    33 |    24 |     9 |    25 |    27 ||   192
       Lamp of fire      |       |       |       |     1 |     2 |     2 |       |       |     1 ||     6
       Lightning rod     |       |       |       |       |     9 |       |       |       |     3 ||    12
  Use: Scroll            |       |     2 |    10 |    12 |    13 |     7 |     8 |    10 |    37 ||    99
       Potion            |       |     1 |     6 |     7 |     2 |     2 |     2 |       |    10 ||    30
 Stab: Sleeping          |     4 |    14 |     6 |    31 |    45 |    72 |    71 |    65 |   102 ||   410
       Held in net/web   |       |       |     2 |       |       |       |       |       |       ||     2
       Invisible         |       |       |     1 |       |     4 |       |       |       |       ||     5
       Distracted        |       |       |       |     1 |     6 |    13 |     6 |    14 |    29 ||    69
       Paralysed         |       |       |       |       |     1 |     1 |       |       |       ||     2
       Confused          |       |       |       |       |       |     1 |       |       |     2 ||     3
  Eat: Chunk             |     2 |     8 |    15 |    25 |    26 |    31 |    30 |    23 |    49 ||   209
       Ration            |       |       |     1 |       |     2 |     4 |     1 |     3 |     6 ||    17
Armor: Leather armour    |    35 |    14 |    95 |    29 |       |       |       |       |       ||   173
       Skin              |       |       |     1 |    52 |       |       |       |       |       ||    53
       Scale mail        |       |       |       |   135 |    57 |   251 |    87 |   267 |    14 ||   811
       Ring mail         |       |       |       |       |    93 |       |       |       |       ||    93
       Troll leather arm |       |       |       |       |    78 |   102 |    73 |       |   279 ||   532
       Fire dragon scale |       |       |       |       |       |    16 |       |       |       ||    16
Dodge: Dodged            |   125 |    45 |   251 |   410 |   378 |   553 |   347 |   404 |  1150 ||  3663
       Deflected         |       |       |       |       |       |    52 |    38 |    20 |     2 ||   112
Block: Buckler           |       |       |       |       |   137 |       |       |       |       ||   137
       Shield            |       |       |       |       |     3 |   746 |   295 |       |       ||  1044
       Large shield      |       |       |       |       |       |       |   814 |  1803 |  4905 ||  7522
       Reflection        |       |       |       |       |       |       |       |       |   115 ||   115

Table legend:
 A = Non-vault XP
 B = Vault XP
 C = Vault XP percentage of total XP
 D = Non-vault monster count
 E = Vault monster count
 F = Vault count percentage of total count
                 A         B        C        D         E       F
            +---------+---------+-------+---------+---------+-------
      Total | 1212051 |  833312 |  40.7 |    1934 |     933 |  32.5
            +---------+---------+-------+---------+---------+-------
        D:1 |      64 |       0 |   0.0 |      27 |       0 |   0.0
        D:2 |     272 |       0 |   0.0 |      38 |       0 |   0.0
        D:3 |     144 |       0 |   0.0 |      26 |       0 |   0.0
        D:4 |     759 |     584 |  43.5 |      25 |      10 |  28.6
        D:5 |       0 |       9 | 100.0 |       0 |       9 | 100.0
        D:6 |    1054 |     599 |  36.2 |      26 |       3 |  10.3
        D:7 |     814 |     585 |  41.8 |      16 |       4 |  20.0
        D:8 |     964 |     635 |  39.7 |      22 |      27 |  55.1
        D:9 |    2302 |    4048 |  63.7 |      38 |      11 |  22.4
       D:10 |    2008 |    1407 |  41.2 |      38 |      23 |  37.7
       D:11 |    3890 |       0 |   0.0 |      20 |       0 |   0.0
       D:12 |    2915 |    1534 |  34.5 |       9 |      25 |  73.5
       D:13 |    9881 |    4824 |  32.8 |      52 |      12 |  18.8
       D:14 |    9046 |    9396 |  50.9 |      22 |      17 |  43.6
       D:15 |    7593 |    9573 |  55.8 |      19 |      13 |  40.6
     Temple |      93 |       0 |   0.0 |       3 |       0 |   0.0
     Lair:1 |    5365 |     460 |   7.9 |      21 |       1 |   4.5
     Lair:2 |    2506 |    2796 |  52.7 |      14 |      15 |  51.7
     Lair:3 |    6762 |    3447 |  33.8 |      22 |       9 |  29.0
     Lair:4 |    3987 |    4893 |  55.1 |      18 |      11 |  37.9
     Lair:5 |   10471 |    1069 |   9.3 |      37 |       6 |  14.0
     Lair:6 |   17934 |   13932 |  43.7 |      35 |      24 |  40.7
    Swamp:1 |   13807 |       0 |   0.0 |      32 |       0 |   0.0
    Swamp:2 |   19884 |    4868 |  19.7 |      43 |       4 |   8.5
    Swamp:3 |   13638 |    7377 |  35.1 |      40 |       2 |   4.8
    Swamp:4 |   15004 |   19853 |  57.0 |      41 |      26 |  38.8
    Snake:1 |   10075 |       0 |   0.0 |      19 |       0 |   0.0
    Snake:2 |   24072 |    7120 |  22.8 |      49 |      12 |  19.7
    Snake:3 |    9310 |    9912 |  51.6 |      18 |      10 |  35.7
    Snake:4 |   21738 |   62265 |  74.1 |      42 |      92 |  68.7
    Slime:1 |   12420 |     783 |   5.9 |      25 |       3 |  10.7
    Slime:4 |    2692 |       0 |   0.0 |       4 |       0 |   0.0
    Slime:5 |   17968 |   43713 |  70.9 |      19 |      12 |  38.7
      Orc:1 |    2271 |      12 |   0.5 |      12 |       4 |  25.0
      Orc:2 |    1642 |   22047 |  93.1 |      23 |      44 |  65.7
      Elf:1 |   11742 |   10960 |  48.3 |      19 |      19 |  50.0
      Elf:2 |    6763 |   23287 |  77.5 |      12 |      29 |  70.7
      Elf:3 |   10503 |   57766 |  84.6 |      17 |      33 |  66.0
   Vaults:1 |   20845 |   31031 |  59.8 |      40 |      38 |  48.7
   Vaults:2 |   38982 |    1989 |   4.9 |      61 |       2 |   3.2
   Vaults:3 |   30463 |   23783 |  43.8 |      50 |      34 |  40.5
   Vaults:4 |   31936 |   30317 |  48.7 |      46 |      33 |  41.8
   Vaults:5 |   30047 |  150542 |  83.4 |      41 |      95 |  69.9
    Crypt:1 |   24934 |    4680 |  15.8 |      38 |       2 |   5.0
    Crypt:2 |   44314 |   28844 |  39.4 |      46 |      18 |  28.1
    Crypt:3 |   20518 |   31029 |  60.2 |      25 |      12 |  32.4
   Depths:1 |   35202 |   16838 |  32.4 |      39 |      15 |  27.8
   Depths:2 |   64038 |   11480 |  15.2 |      61 |      12 |  16.4
   Depths:3 |   57179 |   64543 |  53.0 |      70 |      48 |  40.7
   Depths:4 |   67109 |    4801 |   6.7 |      73 |       7 |   8.8
   Depths:5 |   49622 |   42721 |  46.3 |      62 |      33 |  34.7
       Hell |   25795 |   17190 |  40.0 |      38 |      28 |  42.4
      Zot:1 |   68627 |    7535 |   9.9 |      39 |       4 |   9.3
      Zot:2 |   59242 |    7461 |  11.2 |      30 |       2 |   6.2
      Zot:3 |   66892 |       0 |   0.0 |      41 |       0 |   0.0
      Zot:4 |   43354 |       0 |   0.0 |      21 |       0 |   0.0
      Zot:5 |   15824 |    8441 |  34.8 |       9 |       3 |  25.0
    Abyss:1 |   37418 |       0 |   0.0 |      53 |       0 |   0.0
    Abyss:2 |     748 |       0 |   0.0 |       4 |       0 |   0.0
    Abyss:3 |    8520 |   13063 |  60.5 |      14 |      14 |  50.0
    Abyss:5 |       0 |     196 | 100.0 |       0 |       8 | 100.0
      Zig:1 |    1227 |       0 |   0.0 |       1 |       0 |   0.0
      Zig:2 |    2193 |       0 |   0.0 |       3 |       0 |   0.0
      Zig:3 |    4292 |       0 |   0.0 |       3 |       0 |   0.0
      Zig:4 |   12915 |    2527 |  16.4 |       3 |       4 |  57.1
      Zig:5 |    8189 |       0 |   0.0 |       6 |       0 |   0.0
      Zig:6 |    8351 |       0 |   0.0 |      13 |       0 |   0.0
      Zig:7 |   12813 |       0 |   0.0 |       7 |       0 |   0.0
      Zig:8 |    7088 |       0 |   0.0 |      16 |       0 |   0.0
     Zig:10 |   17035 |       0 |   0.0 |      12 |       0 |   0.0
     Zig:11 |   12309 |       0 |   0.0 |      24 |       0 |   0.0
     Zig:12 |    1677 |       0 |   0.0 |       2 |       0 |   0.0
   Gauntlet |       0 |    4547 | 100.0 |       0 |      11 | 100.0
            +---------+---------+-------+---------+---------+-------
